 Dungeon Crawl Stone Soup version 0.21.1-1-g345015f (webtiles) character file.

76 Monsterracer the Caller (level 4, 33/33 HPs)
             Began as a Draconian Summoner on Feb 6, 2018.
             Was a Follower of Vehumet.
             Quit the game on level 2 of the Dungeon.
             The game lasted 00:03:50 (2280 turns).

Monsterracer the Caller (Draconian Summoner)        Turns: 2280, Time: 00:03:50

Health: 33/33      AC:  5    Str: 11    XL:     4   Next: 12%
Magic:  7/7        EV: 12    Int: 16    God:    Vehumet [*.....]
Gold:   75         SH:  0    Dex: 11    Spells: 4/7 levels left

rFire    . . .     SeeInvis .     - Unarmed
rCold    . . .     Gourm    .   (no shield)
rNeg     . . .     Faith    .   (armour unavailable)
rPois    .         Spirit   .   (helmet restricted)
rElec    .         Reflect  .   (no cloak)
rCorr    .         Harm     .   (no gloves)
MR       .....                  (no boots)
Stlth    ++........             (no amulet)
HPRegen  0.11/turn              f - ring of wizardry
MPRegen  0.10/turn              (no ring)

@: about to teleport
A: unfitting armour, cold-blooded, AC +5
a: Renounce Religion


You were on level 2 of the Dungeon.
You worshipped Vehumet.
Vehumet was aware of your devotion.
You were not hungry.

You visited 1 branch of the dungeon, and saw 2 of its levels.

You collected 75 gold pieces.

Inventory:

Armour
 q - a +0 buckler of poison resistance
Jewellery
 f - a ring of wizardry (left hand)
Scrolls
 d - a scroll of teleportation
 i - 2 scrolls of enchant weapon
 n - a scroll of magic mapping {unknown}
 r - a scroll of noise {unknown}
Potions
 b - a potion of lignification {unknown}
 e - a potion of flight
 g - 2 potions of brilliance
 h - a potion of haste {unknown}
 j - a potion of agility {unknown}
 o - a potion of curing {unknown}
 p - a potion of cancellation {unknown}
Books
 a - a book of Callings

   Spells                             Type                      Level
   a - Summon Small Mammal            Summoning                    1
   b - Call Imp                       Summoning                    2
   c - Call Canine Familiar           Summoning                    3
   d - Summon Guardian Golem          Hexes/Summoning              3
   e - Summon Lightning Spire         Summoning/Air                4
   f - Summon Ice Beast               Ice/Summoning                4
Comestibles
 c - 5 rations


   Skills:
 + Level 0.0 Fighting
 - Level 1.7 Dodging
 - Level 1.7 Stealth
 - Level 3.0 Unarmed Combat
 - Level 2.0 Spellcasting
   Level 1.3 Conjurations
 - Level 4.0 Summonings
   Level 1.2 Fire Magic


You had 4 spell levels left.
You knew the following spells:

 Your Spells              Type           Power        Failure   Level  Hunger
b - Call Imp              Summ           ##......     2%          2    ###....
r - Summon Small Mammal   Summ           ##..         1%          1    #......


Dungeon Overview and Level Annotations

Branches:
Dungeon (2/15)

Altars:
Cheibriados
Vehumet
Yredelemnul


Innate Abilities, Weirdness & Mutations

Your plain brown scales are hard. (AC +5)
You cannot fit into any form of body armour.
You are cold-blooded and may be slowed by cold attacks.


Message History

You closely miss the goblin.
You kill the goblin!
Vehumet accepts your kill. The bat barely misses you.
The bat hits you but does no damage.
Things that are here:
a club; a goblin corpse The bat hits you but does no damage.
The bat barely misses you.
You hit the bat.
You kill the bat!
Vehumet accepts your kill.
You see here a bat corpse.
No target in view!
No target in view!
No target in view!
No target in view!
Search for what [? for help]? blu Can't find anything matching that.
Search for what [Enter for "blu", or ? for help]? bu
Things that are here:
a club; a goblin corpse You see here a shiny buckler.
q - a shiny buckler A frilled lizard and a rat come into view.
There are monsters nearby!
The helpless frilled lizard fails to defend itself.
You hit the frilled lizard.
You kill the frilled lizard!
Vehumet accepts your kill.
No target in view!
No target in view!
No target in view!
The rat is too close now for your liking.
You barely miss the rat.
You kill the rat!
Vehumet accepts your kill.
Vehumet offers you knowledge of Sandblast.
Okay, then.
Casting: Flame Tongue
Confirm with . or Enter, or press ? or * to list all spells.
Okay, then.
Found a basalt altar of Yredelemnul.
There is a basalt altar of Yredelemnul here.
You are feeling hungry.
Things that are here:
a dagger; 4 stones; a robe
There is a stone staircase leading down, spattered with blood here.
Things that are here:
a club x2; a goblin skeleton You butcher the hobgoblin corpse.
s - 3 chunks of flesh Eating one of 3 chunks of flesh.
You eat one of the 3 chunks of flesh.
This raw flesh tastes terrible.
Found a stone staircase leading up.
There is a stone staircase leading up here.
Found a snail-covered altar of Cheibriados.
k - 2 scrolls labeled MIVUERYW ASA (gained 1) All of the chunks of flesh in your inventory have rotted away.
A frilled lizard comes into view.
The frilled lizard hisses angrily.
A frilled lizard is nearby!
You hit the frilled lizard.
You kill the frilled lizard!
Vehumet accepts your kill.
No target in view!
Okay, then.
Okay, then.
As you read the scroll labeled XOICRY QOUSUO, it crumbles to dust.
It is a scroll of enchant weapon.
You aren't carrying any weapons that can be enchanted.
As you read the scroll labeled MIVUERYW ASA, it crumbles to dust.
It is a scroll of identify.
g - 2 potions of brilliance
As you read the scroll of identify, it crumbles to dust.
e - a potion of flight Wear which item? (? for menu, Esc to quit)
You start putting on your armour.
You continue putting on your shiny buckler. x4
You finish putting on your +0 buckler of poison resistance.
You feel resistant to poison.
Take off which item? (? for menu, Esc to quit)
You start removing your armour.
You continue taking off your +0 buckler of poison resistance. x4
You finish taking off your +0 buckler of poison resistance.
You no longer feel resistant to poison.
As you read the scroll labeled XUKEL UFAGUM, it crumbles to dust.
You feel strangely unstable.
It was a scroll of teleportation.
As you read the scroll labeled YBEWI DIENE, it crumbles to dust.
You feel blessed for a moment.
It was a scroll of remove curse.
As you read the scroll labeled BUKARGH UZXAE, it crumbles to dust.
It is a scroll of amnesia.
Your memory of Flame Tongue unravels.
You stop training Conjurations and Fire Magic.
You need to enable at least one skill for training.
Memorise Sandblast, consuming 1 spell level and leaving 3?
Okay, then.
Okay, then.
Are you sure you want to abandon this character and quit the game? (Confirm with "yes".)
Okay, then.
Are you sure you want to abandon this character and quit the game? (Confirm with "yes".)

.# #.####.#
#........ .# #.#
#(# #...##### .#
#.# #)# ###...#≈≈
.# #.# #)#
#.._.#≈≈ .# #.#
#.# #....#≈. .#
#.# #.#
###########..#.#.≈
.# #.# #.#
#..............#≈≈
.###.####.#
#.##############..
....(.....# #@#
#.≈ ####.######
#†# #$≈ #.# #.#
#≈≈ #.# #.# #≈≈
#.# #.# #.≈ #.#
#.# #≈≈ #># #.#
#.. #)# #.# #.#
####.##########
#.#


There were no monsters in sight!

Vanquished Creatures
  3 dart slugs
  3 worms (D:2)
  A leopard gecko (D:1)
  3 giant cockroaches (D:1)
  8 goblins
  9 hobgoblins
  4 jackals (D:1)
  6 bats
  10 frilled lizards
  7 kobolds
  5 rats
59 creatures vanquished.

Notes
Turn   | Place    | Note
-------+----------+-------------------------------------------
     0 | D:1      | Monsterracer the Draconian Summoner began the quest for the Orb.
     0 | D:1      | Reached XP level 1. HP: 14/14 MP: 3/3
   123 | D:1      | Reached skill level 1 in Unarmed Combat
   190 | D:1      | Reached XP level 2. HP: 12/20 MP: 5/5
   194 | D:1      | Learned a level 2 spell: Call Imp
   749 | D:1      | Reached XP level 3. HP: 24/26 MP: 6/6
  1325 | D:2      | Found a faded altar of an unknown god.
  1356 | D:2      | Became a worshipper of Vehumet
  1356 | D:2      | Reached * piety under Vehumet
  1356 | D:2      | Offered knowledge of Flame Tongue by Vehumet.
  1359 | D:2      | Learned a level 1 spell: Flame Tongue
  1440 | D:2      | HP: 11/26 [kobold/whip (5)]
  1668 | D:2      | HP: 11/26 [worm (12)]
  1673 | D:2      | Reached skill level 1 in Conjurations
  1961 | D:2      | Reached skill level 1 in Fire Magic
  2035 | D:2      | Reached XP level 4. HP: 33/33 MP: 7/7
  2130 | D:2      | Offered knowledge of Sandblast by Vehumet.
  2150 | D:2      | Found a basalt altar of Yredelemnul.
  2241 | D:2      | Found a snail-covered altar of Cheibriados.
  2280 | D:2      | Quit the game

Skill      XL: |  1  2  3 |
---------------+----------+-----
Unarmed Combat | 1 2 3 |  3.0
Conjurations   | 1 |  1.3
Fire Magic     | 1 |  1.2
Dodging        | |  1.7
Stealth        | |  1.7
Spellcasting   | |  2.0
Summonings     | |  4.0

Action                   |  1- 3 |  4- 6 || total
-------------------------+-------+-------++-------
Melee: Unarmed           |   219 |    24 ||   243
       Tailslap          |    21 |     3 ||    24
       Punch             |     3 |       ||     3
 Cast: Flame Tongue      |    12 |       ||    12
  Use: Scroll            |       |     6 ||     6
 Stab: Sleeping          |     1 |     1 ||     2
  Eat: Chunk             |     3 |     2 ||     5
Armor: Skin              |    75 |     6 ||    81
Dodge: Dodged            |   155 |    15 ||   170

Vault maps used:
D:1:      minmay_arrival_jagged, minmay_lizard_king
D:2:      cheibriados_altar_1, marbit_many_paths,
          chequers_ecumenical_altar_island, nicolae_tso_swordbearing_angel
